[Event "Silver Lake Festival 2022"]
[Site "Veliko Gradiste"]
[Date "2022.06.22"]
[Round "5.7"]
[White "Krstulovic, Alex"]
[Black "Srdanovic, Jovana"]
[Result "1-0"]
[ECO "A06"]
[WhiteElo "2413"]
[BlackElo "2127"]
[Annotator "TA"]
[PlyCount "157"]
[EventDate "2022.06.16"]
[EventType "swiss"]
[EventCountry "SRB"]
[SourceTitle "playchess.com"]
[Source "ChessBase"]
[SourceQuality "1"]
[TimeControl "5400+30"]

1. Nf3 d5 2. b3 Nf6 3. Bb2 Bf5 4. e3 e6 5. Be2 h6 6. O-O Nbd7 7. c4 c6 {[%emt 0:03:48] A06: Réti Opening: 1 Nf3 d5.} 8. d3 Be7 9. Nbd2 Nc5 {[%emt 0:04:52] The position is equal.} 10. Ne5 O-O 11. Ndf3 a5 {[%emt 0:02:22] [#]} 12. Qc2 $146 ({Predecessor:} 12. Bc3 Qb6 13. Rb1 Rfd8 14. Qc2 Qa6 15. Rfd1 Bh7 16. Bd4 Rac8 17. Qb2 Qa8 18. Rbc1 {½-½ (64) Ducret,T (2199)-Gonzalez de la Torre,S (2384) France 2005}) 12... Bh7 13. Qc3 Ne8 14. cxd5 f6 (14... exd5 $11 15. Nd4 Bd6) 15. d6 (15. dxc6 {is interesting.} fxe5 16. Nxe5 Bd6 17. cxb7 Nxb7 18. Rac1) 15... Bxd6 16. Nc4 Be7 (16... Nxd3 $2 17. Nxd6 Nxb2 18. Nxe8 $18 (18. Nxb7 Qe7 $18)) 17. e4 Nc7 18. Rad1 (18. Nxa5 Nb5 19. Qd2 Qxa5 $17) 18... Nb5 19. Qc1 a4 20. b4 Na6 21. a3 c5 22. bxc5 Nxc5 23. Qe3 Qe8 24. Nfd2 (24. Ncd2 $14) 24... e5 $11 25. Nb6 (25. Rc1 $5 ) 25... Rd8 26. Rc1 Ne6 27. Nd5 Ned4 28. Nc7 (28. Bd1 $11) 28... Nxe2+ 29. Qxe2 {[%emt 0:00:02] [#]} Qd7 (29... Nxc7 $1 $17 30. Rxc7 Bd6) 30. Nd5 Bxa3 31. Bxa3 Nxa3 32. Rc7 Qe6 33. Ra1 Nb5 34. Rxb7 Nd4 35. Qd1 Qa6 36. Rc7 Rf7 (36... Kh8 $1 $11 37. Nc4 (37. Rxa4 Qxd3 38. h3 Bg8 $17) (37. Qg4 Ne6 $11) 37... Ne6 38. Rxa4 Nxc7 39. Rxa6 Nxa6) 37. Rxf7 $16 (37. Rxa4 $6 Qxd3 38. Rxf7 Ne2+ 39. Qxe2 (39. Kh1 Kxf7 40. f3 Bg8 $15) 39... Qxe2 $11) (37. Qxa4 Ne2+ 38. Kf1 Qxd3 $11) 37... Kxf7 38. Nc4 {[%emt 0:00:35] Pair of Knights!} ({Much worse is} 38. Qxa4 $6 Qxd3 39. Qa2 (39. Qb4 Rd7 $11) 39... Ne6 $11) (38. Rxa4 $16 Qb7 39. f4) 38... Bxe4 39. Rxa4 ({Reject} 39. dxe4 Qxc4 40. Rxa4 Ne2+ 41. Kf1 Ng3+ 42. Kg1 Ne2+ 43. Kf1 Ng3+ 44. Kg1 Ne2+ $11) 39... Ne2+ (39... Qxa4 $16 40. Qxa4 Bxd5) 40. Qxe2 (40. Kf1 $18 Bxg2+ 41. Kxg2) 40... Qxa4 $14 41. dxe4 {[%emt 0:00:04] The board is on fire.} Qa1+ 42. Qf1 Qd4 (42... Qxf1+ $14 43. Kxf1 Ke6) 43. Qe2 Qa1+ 44. Qf1 Qd4 45. Nce3 Qxe4 (45... Ra8 $16 {was necessary.} 46. Qe2 Ra1+ 47. Nf1 Qd1) 46. Qb5 $36 {[%emt 0:00:13][%mdl 2048] White is on the roll.} Kg8 ({Better is} 46... Kg6 47. h3 Kh7) 47. h3 Ra8 (47... Kh8 $16) 48. Kh2 {[%emt 0:00:12] Black must now prevent Qb7.} Kh8 49. Qd7 {[%emt 0:00:27] And now Nf5 would win.} Qa4 50. Qf7 {[%emt 0:00:34] Hoping for Nf5.} Qe8 51. Qb7 {[%emt 0:00:52] Strongly threatening Nf5.} Rb8 52. Qa7 {[%emt 0:00:19] aiming for Nf5. White is much more active.} Ra8 53. Qb6 Rb8 54. Qc5 Rc8 55. Qd6 Rd8 56. Qc5 Rc8 $1 57. Qb4 e4 $2 (57... Rd8 $1 $14) 58. Qd6 $2 (58. Ne7 $18 {is the precise move to win.}) 58... Rd8 $16 59. Qf4 (59. Qc5 $16) 59... Qe6 $14 60. Nc3 Re8 61. g4 Qc6 {[%emt 0:00:43] [#]} 62. Ne2 $1 Re5 63. Qg3 Kh7 64. h4 Qc7 65. h5 Qc5 66. Kg2 Qb5 67. Nf4 Qb8 68. Ng6 Rb5 69. Qxb8 Rxb8 70. Ne7 Kh8 71. N3f5 Rb3 72. Kf1 Kh7 73. Ke2 Rf3 74. Ne3 Kh8 (74... Rh3 $16 {might work better.} 75. N7f5 Kg8) 75. Kf1 $18 {[%emt 0:00:07] White threatens Kg2 and mate.} Kh7 $2 (75... f5 $18 76. N3xf5 Kh7) 76. Kg2 {[%emt 0:00:04] White mates.} Rf4 77. Ng6 Rf3 78. Nh4 Rf4 79. Kg3 {[%emt 0:00:04] Weighted Error Value: White=0.26 (precise) /Black=0.26 (precise)} 1-0

[Event "Silver Lake Festival 2022"]
[Site "Veliko Gradiste"]
[Date "2022.06.22"]
[Round "5.8"]
[White "Shoshin, Kirill"]
[Black "Tadic, Stefan"]
[Result "1/2-1/2"]
[ECO "B22"]
[WhiteElo "1938"]
[BlackElo "2358"]
[Annotator "TA"]
[PlyCount "85"]
[EventDate "2022.06.16"]
[EventType "swiss"]
[EventCountry "SRB"]
[SourceTitle "playchess.com"]
[Source "ChessBase"]
[SourceQuality "1"]
[TimeControl "5400+30"]

1. e4 c5 2. c3 d5 3. exd5 Qxd5 4. d4 Nf6 5. Nf3 e6 6. Bd3 Nc6 7. Na3 {[%emt 0:04:39] B22: Sicilian: 2 c3.} Qd8 (7... cxd4 {keeps more tension.} 8. Nb5 Bd6 9. Bc4 Qe4+) 8. O-O cxd4 9. cxd4 {[%emt 0:03:44] The position is equal.} Be7 {[%emt 0:05:01] [#]} 10. Re1 $146 ({Predecessor:} 10. Be3 Nb4 11. Be2 O-O 12. Ne5 Bd7 13. Qb3 Be8 14. Nac4 b5 15. Nd2 a5 16. a3 {0-1 (56) Gvetadze,S (2352)-Dzagnidze,N (2429) Tbilisi 2008}) 10... O-O 11. Nc4 b6 12. a3 Bb7 13. Bc2 Rc8 14. b3 Qd5 15. Qd3 Rfd8 16. Bb2 Qh5 17. Rad1 Bd6 ({Black should try} 17... Nd5 $17 {...Nf4 is the strong threat.} 18. h3 b5) 18. Nxd6 $11 Rxd6 19. b4 Rcd8 20. h3 Nd5 21. Ne5 Nf4 22. Qe4 Nxe5 (22... Nxb4 $2 23. Qxf4 Nxc2 24. g4 Qxh3 25. Qxf7+ Kh8 26. Qxb7 $18) 23. Qxb7 (23. Qxf4 $11 Nc4 24. Bc1) 23... Nc4 $17 24. Ba1 Nxa3 25. Re5 Qh4 ({Resist} 25... Qxe5 26. dxe5 Rxd1+ 27. Bxd1 Rxd1+ 28. Kh2 $16) 26. Bb3 b5 (26... Ng6 $5 27. Re4 Qh5 $11) 27. Qxa7 Nc4 {[%emt 0:00:04] Pair of Knights!} 28. Rxb5 Rd5 29. Bxc4 {[%emt 0:01:03] Really sharp!} Rxb5 (29... Qg5 $1 $11 {and Black stays safe.} 30. Bxd5 exd5) 30. Bxb5 $18 Qg5 {[%emt 0:00:05][%csl Gf4][%cal Rg5g2] [#]} 31. Qb7 Nxh3+ 32. Kf1 Nf4 33. g3 Nd5 34. Be2 {[%emt 0:00:26] Prevents Qh5.} h5 35. Bb2 h4 36. Bc1 Qf5 {[%emt 0:00:28] [#] Hoping for ...hxg3.} 37. gxh4 Qh3+ 38. Kg1 Nc3 39. Re1 (39. Bh5 $18 {is the precise move to win.} Rf8 40. Re1) 39... Nxe2+ $16 40. Rxe2 {[%emt 0:00:02] Threatens to win with Re4.} Rxd4 {[%emt 0:00:02] ( -> ...Rd1+)} 41. Qc8+ Kh7 42. Qc2+ g6 (42... f5 $16 43. Re3 (43. f4 Qg3+ 44. Kf1 Qf3+ 45. Kg1 Qg4+ 46. Kh2 Qxh4+ 47. Kg2 Qg4+ 48. Kh2 Qh5+ 49. Kg2 Qg4+ 50. Kf2 Qh4+ 51. Kg2 Qg4+ $11) 43... Rg4+ 44. Rg3 Rxg3+ 45. fxg3 Qxg3+ 46. Kf1 Qxh4) 43. Re3 {[%emt 0:00:11] Weighted Error Value: White=0.35/Black=0.31} (43. Re4 $18 Qf5 44. f3) 1/2-1/2

[Event "Silver Lake Festival 2022"]
[Site "Veliko Gradiste"]
[Date "2022.06.22"]
[Round "5.9"]
[White "Markovic, Zoran S"]
[Black "Efremov, Vladislav"]
[Result "1/2-1/2"]
[ECO "B29"]
[WhiteElo "2313"]
[BlackElo "2125"]
[Annotator "TA"]
[PlyCount "35"]
[EventDate "2022.06.16"]
[EventType "swiss"]
[EventCountry "SRB"]
[SourceTitle "playchess.com"]
[Source "ChessBase"]
[SourceQuality "1"]
[TimeControl "5400+30"]

1. e4 c5 2. Nf3 Nf6 3. e5 Nd5 4. Nc3 e6 5. Nxd5 exd5 6. d4 Nc6 7. dxc5 Bxc5 8. Qxd5 d6 9. exd6 Qb6 10. Qe4+ Be6 11. Qh4 Bxd6 {[%emt 0:00:18] B29: Sicilian: 2 Nf3 Nf6 (Nimzowitsch Variation).} 12. Be2 O-O 13. O-O {[%emt 0:00:27] [#] Bd3 is the strong threat.} Bf5 {[%emt 0:00:30] White is slightly better.} 14. Bd3 Bxd3 15. cxd3 {[%emt 0:00:01] [#]} Bc5 $146 ({Predecessor:} 15... Be7 16. Qa4 Bc5 17. Bd2 Nd4 18. Nxd4 Bxd4 19. Bc3 Rfd8 20. Rae1 g6 21. Bxd4 Rxd4 {½-½ (41) David,A (2548)-Luther,T (2575) France 2003}) 16. b3 Nd4 17. Nxd4 Bxd4 18. Rb1 $1 {[%emt 0:00:49] Weighted Error Value: White=0.05 (flawless) /Black=0.00 (flawless)} 1/2-1/2

[Event "Silver Lake Festival 2022"]
[Site "Veliko Gradiste"]
[Date "2022.06.22"]
[Round "5.10"]
[White "Govedarica, Radovan"]
[Black "Papaioannou, Dimitrios"]
[Result "0-1"]
[ECO "D01"]
[WhiteElo "2289"]
[BlackElo "2078"]
[Annotator "TA"]
[PlyCount "106"]
[EventDate "2022.06.16"]
[EventType "swiss"]
[EventCountry "SRB"]
[SourceTitle "playchess.com"]
[Source "ChessBase"]
[SourceQuality "1"]
[TimeControl "5400+30"]

1. d4 d5 2. Nc3 Nf6 3. Bg5 Nbd7 4. Qd3 e6 5. e4 dxe4 6. Nxe4 Be7 7. Nxf6+ Nxf6 8. Nf3 Qd5 {D01: Veresov Opening.} (8... O-O {was preferrable.}) 9. Be2 $11 {[#]} O-O $146 ({Predecessor:} 9... Bd7 10. c4 Qa5+ 11. Bd2 Bb4 12. O-O Bxd2 13. Nxd2 Bc6 14. Nb3 Qg5 15. Bf3 Bxf3 16. Qxf3 {0-1 (64) Nataf,I (2592)-Vaisser,A (2568) Besancon 2006}) 10. O-O Rd8 {White has an edge.} 11. Rfd1 Qd6 12. Ne5 Nd5 13. Bxe7 Nxe7 14. Nxf7 Kxf7 15. Qxh7 Ke8 (15... Qf4 $11) 16. Qxg7 $16 Kd7 $2 (16... c6 $16) 17. Qe5 $2 (17. d5 $1 $18 {[%cal Rd5e6] Threatens to win with dxe6+.} exd5 18. Rxd5 $3 Qxd5 19. Rd1 Qxd1+ 20. Bxd1) 17... Rg8 18. g3 b6 19. Bf3 {Against Bb7} c6 20. Bg2 Ba6 21. b3 Raf8 22. c4 Ng6 (22... Qxe5 $11 23. dxe5+ Kc7) 23. Qe4 Rf6 (23... Bb7 $14) 24. d5 (24. c5 $16 Qd5 25. Qc2) 24... exd5 $1 $11 25. cxd5 c5 26. Qa4+ b5 {[%cal Bb6b5,Bb5b4][%mdl 32] Dancing on a razor blade.} 27. Qa5 {[#]} (27. Qe4 $11 {remains equal.}) 27... Ne5 (27... Nh4 $1 $17 28. Bh1 (28. Bh3+ Ke8 $17) 28... Nf5) 28. Qc3 (28. Re1 $1 $14 Rh6 29. Qc3) 28... b4 29. Qe3 (29. Qc2 $1 $11 Rh8 30. a3) 29... Kc7 $2 ({Better is} 29... Re8 $1 $19 {[%cal Oe5f3] Hoping for ...Nf3+!} 30. f4 Ng4 31. Qe6+ Rexe6 32. dxe6+ Rxe6 33. Rxd6+ Rxd6) 30. Rac1 (30. a3 $1 $11 Ng4 31. Qe4) 30... Kb6 $36 {[%mdl 2048] Black has some pressure. Black is much more active.} 31. h3 {[#] Against Ng4} ({White must play} 31. a4 $1 $15 bxa3 32. h3 (32. b4 Nc4 $15)) 31... Re8 $1 $19 {[%cal Oe5f3,Bg8e8,Be8e5,Be5e3,Be3f3][%mdl 32] aiming for ...Nf3+!} 32. Qg5 $2 (32. f4 Rff8 33. fxe5 Rxe5 34. Be4 (34. Qd2 $2 Re2 $19)) 32... Rg6 (32... Be2 $142 33. Rd2 Nd3) 33. Qh5 $2 (33. Qe3 {is a better defense.} Bb5 34. Be4) 33... Nd3 34. Rc2 Re5 35. Qh8 Ne1 $2 (35... Rf6 $19 {And now ...Bb5 would win.} 36. h4 Bb5) 36. Rcd2 $2 (36. Rxc5 $1 $11 Kxc5 37. Rc1+ Kb5 38. Rc6) 36... Bb7 37. Bh1 $2 {[#]} (37. Qh4 Rh6 38. Qc4) 37... Re3 $3 38. Qh4 Nf3+ 39. Bxf3 Rxf3 40. Rd3 Rf5 41. Qh7 $2 (41. g4) 41... Rgf6 42. Re1 (42. R3d2 $142 Qf8 43. h4 (43. f4 $2 Rh6 $19)) 42... Rxf2 {[%cal Od6e5] ( -> ...Qe5!)} 43. Qg7 Qe5 44. Qxf6+ Qxf6 45. Re6+ {[%emt 0:22:28] [#]} Qxe6 $3 46. dxe6 {[%emt 0:00:30][%mdl 4096] Endgame KRB-KR} Re2 47. g4 Rxe6 {[%emt 0:00:30] White must now prevent ...Re2.} 48. Kf2 a5 49. g5 a4 50. h4 Ba6 51. Rd2 (51. Re3 Rg6 52. Re5) 51... c4 {[%emt 0:00:30] Black is clearly winning.} 52. bxc4 Bxc4 53. Kf3 Re2 $4 {[%emt 0:00:30][%mdl 40960] What a bad dream for White.  Weighted Error Value: White=1.09/Black=0.70. Loss on time!?} 0-1

[Event "Silver Lake Festival 2022"]
[Site "Veliko Gradiste"]
[Date "2022.06.22"]
[Round "5.11"]
[White "Arias Gaviria, Mario Alexis"]
[Black "Manish Anto Cristiano F"]
[Result "0-1"]
[ECO "D02"]
[WhiteElo "2181"]
[BlackElo "2071"]
[Annotator "TA"]
[PlyCount "130"]
[EventDate "2022.06.16"]
[EventType "swiss"]
[EventCountry "SRB"]
[SourceTitle "playchess.com"]
[Source "ChessBase"]
[SourceQuality "1"]
[TimeControl "5400+30"]

1. d4 d5 2. Nf3 Nf6 3. g3 Bf5 4. Bg2 e6 5. O-O Be7 6. b3 O-O {[%emt 0:00:15] D02: 1 d4 d5 2 Nf3 sidelines, including 2...Nf6 3 g3 and 2...Nf6 3 Bf4.} 7. Bb2 c5 8. Nbd2 Nc6 {[%emt 0:01:10] The position is equal.} 9. dxc5 Bxc5 10. Nh4 Bg4 {[%emt 0:00:54] [#]} 11. h3 $146 ({Predecessor:} 11. Kh1 e5 12. h3 Be6 13. e3 Qd7 14. Kh2 d4 15. Qe2 dxe3 16. fxe3 Nd5 17. Ne4 {1-0 (48) Baranek,J (2240)-Alaxa,M (2035) Slovakia 2002}) 11... Bh5 12. g4 Bg6 13. Nxg6 hxg6 14. c4 Bd4 15. Bxd4 Nxd4 16. e3 Nc6 17. g5 Nh5 18. cxd5 exd5 19. Nf3 Qd6 20. Rc1 Rad8 21. Nd4 Qe5 22. Rxc6 bxc6 23. Nxc6 Qxg5 24. Nxd8 Rxd8 25. Qd4 Rd7 26. Rc1 Nf6 27. Rc8+ Kh7 28. Qc5 Qf5 29. Qb5 Qb1+ 30. Bf1 Qxa2 31. Qb8 {[%emt 0:00:19][%csl Gb8][%cal Rc8h8] [#]} g5 32. h4 Ne4 (32... gxh4 33. Rh8+ Kg6 34. Rxh4 $16 (34. Qh2 Qa1 $16)) 33. Rh8+ Kg6 {[%emt 0:00:02] Chess con chili.} 34. Qh2 Qxb3 $2 (34... Qd2 $14) 35. h5+ $2 ({Less strong is} 35. hxg5 Nxg5 36. Qh5+ (36. Be2 Qb1+ 37. Kg2 Qe4+ 38. Kf1 Ne6 $17) 36... Kf6 $16) (35. Qe5 $18 Qd1 36. h5+ Qxh5 37. Rxh5 Kxh5 38. Qxg7) 35... Kf6 $11 36. h6 {[%emt 0:00:14] [#] Intending hxg7 and mate.} Qd1 $1 {[%emt 0:02:37] White must now prevent ...Nd2.} (36... Nd2 37. Qh3 Rd6 38. hxg7 Nf3+ 39. Kg2 Kxg7 40. Qh7+ (40. Qxf3 Kxh8 41. Qxf7 Qb8 $17) (40. Kxf3 g4+ 41. Kxg4 Rg6+ 42. Kf3 Qd1+ 43. Be2 Rf6+ 44. Kg2 Rg6+ 45. Kf3 Rf6+ 46. Kg2 Rg6+ 47. Kf3 $11) 40... Kf6 41. Qh6+ Ke5 42. Qg7+ f6 43. Kxf3 Qd1+ 44. Be2 $18) 37. Qh3 {[%emt 0:00:59] White is now going downhill.} (37. hxg7 $11 Qg4+ 38. Bg2 Qd1+ 39. Bf1 Qg4+ 40. Bg2 Qd1+ 41. Bf1) 37... g4 $17 38. hxg7 $4 (38. Qh4+ $17 g5 39. Rg8) 38... gxh3 $19 39. g8=Q Qf3 (39... Qe1 $142 40. Rxh3 Qxf2+ 41. Kh1 Qxf1+ 42. Kh2 Ke7) 40. Rh6+ Ke7 41. Bg2 Qxf2+ 42. Kh2 Qxg2+ (42... hxg2 $142 43. Qxg2 Qxe3 44. Rh3 Qf4+ 45. Kg1 Rd6 46. Rf3 Qc1+ 47. Kh2 Rh6+ 48. Rh3 Rb6 49. Rf3 Rb2 50. Qxb2 Qxb2+ 51. Kg1 Qd4+ 52. Kh2 Qd2+ 53. Kg1 Qd1+ 54. Rf1 Qe2 55. Rf4 Qe3+ 56. Kg2 Qxf4 57. Kh1 Qf3+ 58. Kh2 Qg3+ 59. Kh1 Nf2#) 43. Qxg2 hxg2 44. Kxg2 {[%emt 0:00:03][%mdl 4096] Endgame KRN-KR} Rd6 {[%emt 0:00:18] Black mates.} 45. Rh8 Ra6 46. Kf3 Ra2 47. Kf4 Ke6 48. Re8+ Kf6 49. Ra8 Rf2+ 50. Kg4 Kg6 51. Rg8+ Kh7 52. Ra8 f5+ 53. Kh3 Rf3+ 54. Kh4 Rxe3 55. Rxa7+ Kg6 56. Ra5 Re1 57. Ra6+ Kf7 58. Kh3 d4 59. Ra7+ Ke6 60. Ra6+ Ke5 61. Ra5+ Kf4 62. Rd5 d3 63. Kh2 d2 64. Rd3 d1=Q 65. Rf3+ Kxf3 {[%emt 0:00:32] Weighted Error Value: White=0.63/Black=0.50} 0-1

[Event "Silver Lake Festival 2022"]
[Site "Veliko Gradiste"]
[Date "2022.06.22"]
[Round "5.12"]
[White "Maksimovic, Branimir"]
[Black "Mamedov, Edgar"]
[Result "0-1"]
[ECO "A11"]
[WhiteElo "2247"]
[BlackElo "2004"]
[Annotator "TA"]
[PlyCount "90"]
[EventDate "2022.06.16"]
[EventType "swiss"]
[EventCountry "SRB"]
[SourceTitle "playchess.com"]
[Source "ChessBase"]
[SourceQuality "1"]
[TimeControl "5400+30"]

1. Nf3 d5 2. e3 Nf6 3. c4 c6 4. Nc3 e6 5. b3 Nbd7 6. Qc2 Bd6 7. Bb2 O-O 8. Be2 a6 {[%emt 0:09:50] A11: English Opening: 1...c6.} 9. g4 (9. d4 $11) 9... Nxg4 $17 10. Rg1 f5 {[%emt 0:05:20] [#] Black is more active. Black is better.} 11. Nd4 $146 (11. O-O-O $142) ({Predecessor:} 11. h3 Ngf6 12. O-O-O Qe7 13. Kb1 b5 14. d3 Nb6 15. Rc1 bxc4 16. dxc4 dxc4 17. bxc4 {½-½ (41) Jakubiec,A (2535)-Skawinski,A (2300) Szczyrk 2014}) 11... Ndf6 (11... Bxh2 12. Nxe6 Qe8 13. Rxg4 fxg4 14. Nxf8 Qxf8 15. O-O-O $11) 12. cxd5 (12. h3 $17 Ne5 13. Na4 (13. f4 Ng6 $15)) 12... cxd5 $19 ({Don't play} 12... Bxh2 $6 13. Rg2 cxd5 14. f3 $11) 13. h3 Nh6 (13... Ne5 $142 14. f4 Ng6) 14. f4 $17 Bd7 15. a3 (15. Qd3 $142) 15... Qe7 16. b4 Rac8 17. Qb3 b5 18. Nf3 Nf7 19. Nd1 {[%emt 0:00:08] This move loses the game for White.} (19. a4 $17 {was necessary.}) 19... e5 $19 20. Nf2 exf4 21. Nd3 fxe3 22. dxe3 Nd8 23. Nf4 Bxf4 24. exf4 Rc4 {[%emt 0:00:34] [#] Strongly threatening ...Re4.} 25. Be5 Re4 26. Rd1 Nc6 ({Wrong is} 26... Ne6 $2 27. Rxd5 Kh8 28. Rd3) 27. Kf1 Be6 ({Don't go for} 27... Rxe5 $2 28. fxe5 Nxe5 29. Nxe5 Qxe5 30. Qg3 $17) 28. Qc3 (28. Nd4 $142 Nxe5 29. fxe5 Rf4+ 30. Bf3) 28... Nxe5 29. fxe5 Ng4 30. Rc1 (30. Rd3 $142 Rc8 31. Qd2 Nxe5 32. Nxe5 Rxe5 33. Qg5 Qxg5 34. Rxg5) 30... Ne3+ 31. Kf2 Nc4 32. Bxc4 bxc4 33. Rcd1 f4 {[%emt 0:00:46] ...Qa7+ is the strong threat.} 34. Ng5 Re3 35. Qd4 h6 36. Nf3 Rxa3 {[%emt 0:00:29] aiming for ...Qf7.} 37. Rg6 Ra2+ 38. Rd2 Rxd2+ 39. Qxd2 Kh7 40. Rg1 Qf7 41. Ra1 Qh5 42. Rxa6 Qxh3 {[%emt 0:00:25] [#] White must now prevent ...Qg3+.} 43. Rxe6 Qxe6 44. Qd4 Qg6 {[%emt 0:00:58] ( -> ...Ra8)} 45. Qxd5 c3 {[%emt 0:00:17] Weighted Error Value: White=0.63/Black=0.21 (precise)} 0-1

[Event "Silver Lake Festival 2022"]
[Site "Veliko Gradiste"]
[Date "2022.06.23"]
[Round "6.1"]
[White "Stremavicius, Titas"]
[Black "Sadikhov, Ulvi"]
[Result "1/2-1/2"]
[ECO "C41"]
[WhiteElo "2508"]
[BlackElo "2491"]
[Annotator "TA"]
[PlyCount "62"]
[EventDate "2022.06.16"]
[EventType "swiss"]
[EventCountry "SRB"]
[SourceTitle "playchess.com"]
[Source "ChessBase"]
[SourceQuality "1"]
[TimeControl "5400+30"]

1. d4 d6 2. e4 Nf6 3. Nc3 e5 4. Nf3 Nbd7 5. a4 Be7 6. a5 {[%emt 0:00:09] C41: Philidor Defence.} O-O 7. Bc4 exd4 8. Qxd4 {[%emt 0:00:20] The position is equal.} Ng4 9. O-O Bf6 10. Qd1 {[%emt 0:00:18] [#]} Nc5 $146 ({Predecessor:} 10... Nge5 11. Nxe5 Nxe5 12. Bb3 Kh8 13. Nd5 c6 14. Ne3 Qc7 15. f4 Ng6 16. c3 Re8 {1-0 (42) Amate Tortosa,B (2179)-Remoli Sargues,F (2039) Cullera 2004}) 11. Re1 Re8 12. h3 (12. Qd5 $2 Be6 13. Qh5 g6 $19) 12... Ne5 13. Be2 Nxf3+ 14. Bxf3 Be5 15. Nd5 c6 16. Nb4 Qf6 17. Nd3 Nxd3 18. Qxd3 Be6 19. c3 Rad8 20. a6 b6 21. Be3 {[%emt 0:08:07] [#]} Bxh3 $1 22. Bxb6 $1 axb6 23. gxh3 Qf4 24. Kf1 Ra8 {[%emt 0:01:08] Black is slightly better.} 25. Qe3 Qxe3 26. Rxe3 Ra7 27. Be2 Rea8 ({But not} 27... Bf4 28. Rf3 Be5 29. b4 $11) 28. Ra2 b5 29. c4 Rxa6 30. Rxa6 Rxa6 31. cxb5 cxb5 {[%emt 0:00:16] Weighted Error Value: White=0.07 (flawless) /Black=0.03 (flawless)} 1/2-1/2

[Event "Silver Lake Festival 2022"]
[Site "Veliko Gradiste"]
[Date "2022.06.23"]
[Round "6.2"]
[White "Anuj Shrivatri"]
[Black "Mohammad Nubairshah Shaikh"]
[Result "0-1"]
[ECO "B04"]
[WhiteElo "2356"]
[BlackElo "2443"]
[Annotator "TA"]
[PlyCount "115"]
[EventDate "2022.06.16"]
[EventType "swiss"]
[EventCountry "SRB"]
[SourceTitle "playchess.com"]
[Source "ChessBase"]
[SourceQuality "1"]
[TimeControl "5400+30"]

1. e4 Nf6 2. e5 Nd5 3. d4 d6 4. Nf3 Nb6 5. Be2 g6 6. a4 {[%emt 0:02:42] [#] B04: Alekhine's Defence: 4 Nf3.} dxe5 $146 ({Predecessor:} 6... a5 7. exd6 cxd6 8. O-O Bg7 9. Nc3 O-O 10. Nb5 Bg4 11. h3 Bxf3 12. Bxf3 d5 13. Bf4 Qd7 {1-0 (47) Acs,P (2594)-Grimm,D (2236) Hungary 2015}) 7. Nxe5 Bg7 8. a5 {[%emt 0:06:30] White is slightly better.} N6d7 9. Nf3 c5 10. d5 {[%emt 0:02:09] Against Nc6} O-O 11. O-O Na6 12. Nc3 b6 (12... Nf6 $11) 13. d6 Bb7 (13... exd6 $14 14. axb6 (14. Qxd6 Nf6 $14) 14... axb6) 14. Bxa6 $16 Bxa6 15. dxe7 Qxe7 16. Re1 Qd8 17. Bg5 Bf6 (17... f6 $16 {might work better.}) 18. Bh6 (18. Ne4 $18 Bxg5 19. Nfxg5 (19. Nexg5 Bb7 $14)) 18... Bg7 $11 19. Bg5 (19. Bxg7 $14 Kxg7 20. Qd2) 19... Bf6 $1 $18 20. Ne4 $1 Bxg5 21. Nfxg5 ({Don't play} 21. Nexg5 $6 Bb5 $14) 21... Bb5 (21... Ne5 $16) 22. Qd5 Rc8 23. Nd6 $2 (23. Qb3 $18 Bc6 24. Rad1) 23... Bc6 $16 24. Qd2 Nf6 25. Rad1 Rc7 26. axb6 axb6 27. Ndxf7 {[%emt 0:01:33] Pair of Knights!} (27. Qe2 $1 $16 {Threatens to win with Ndxf7.} Rd7 28. Ndxf7 Rfxf7 29. Nxf7 Kxf7 30. Qe6+ Kg7 31. Rxd7+ Bxd7 32. Qd6) 27... Qxd2 $11 28. Rxd2 Rcxf7 (28... Rfxf7 $11 29. Rd8+ Kg7 30. Ne6+ Kh6 31. Nxc7 Rxc7) 29. Nxf7 $14 Kxf7 30. Rd6 Be4 31. c4 {[%emt 0:02:16][%mdl 1024] White has compensation.} Ra8 32. f3 Bc2 33. Rxb6 Ra7 {[%emt 0:00:25] Inhibits Rb7+.} 34. Rc6 Nd7 35. Rce6 {[%emt 0:00:56][%cal Bc6e6,Be6e5,Be5d5][%mdl 32] Hoping for Re7+.} Nf8 36. R6e5 Rc7 37. g4 h6 38. R1e3 g5 $1 39. Rc3 Nd7 40. Rd5 Bg6 41. Kf2 Kg7 42. Re3 {[%emt 0:01:39] Strongly threatening Re7+.} Nb6 43. Rd8 Nxc4 44. Re2 (44. Rb3 $1 $11) 44... Rb7 $17 45. Kg3 ({White should try} 45. b3 Na5 46. Red2) 45... Nxb2 ({Stronger than} 45... Rxb2 46. Re1 $15) 46. h4 {[%emt 0:00:13] [#]} Nd3 $1 47. Rc8 {[%emt 0:00:40] [#]} Bf7 $1 {[%emt 0:00:55] Inhibits Ra2.} 48. hxg5 hxg5 49. Re4 Rb2 50. f4 $2 (50. Rc7 Rb6 51. Re3) 50... Bd5 $19 {[%emt 0:01:05] Black is clearly winning.} 51. Rc7+ Kg6 52. f5+ Kf6 53. Rc6+ Bxc6 54. Re6+ Kf7 55. Rxc6 Rb3 56. Rc7+ Kf6 {[%emt 0:00:03][%cal Oc5c4] And now ...c4! would win.} 57. Rc6+ Ke5 {[%emt 0:00:14] ( -> ...Nb4+)} 58. Re6+ {[%emt 0:00:09] What a bad dream for White.  Weighted Error Value: White=0.50/Black=0.12 (very precise)} 0-1